Match 45220892
Unlisted

Match 45220892
End
Pioneer Squad
Construct Infanterie Kompanie
Grenadier Squad
Selects Breakthrough Battlegroup
Selects Assault Grenadiers
Grenadier Squad
MG 42 Machine Gun Team
GrW 34 Mortar Team
Infanterie Officer Quarters
Selects Breakthrough
Grenadier Squad
Construct Luftwaffe Kompanie
Support Elements
Selects Rapid Production
Wirbelwind Flakpanzer
Jäger Squad
Medical Station
Wirbelwind Flakpanzer
MG 42 Bunker
Construct Panzer Kompanie
Selects Blitzkrieg
Jäger Squad
Panzer IV Medium Tank
Selects Tiger Heavy Tank
Stoßtruppen Squad
Tiger Heavy Tank
Panzer Officer Quarters
Selects Incendiary Bombing Run
GrW 34 Mortar Team
Construct Panzergrenadier Kompanie
Incendiary Bombing Run
pagep
7k this year for sure
DIV 250 BigBoss
Thib_Soldier
0
0

Comments sign in to comment!

No comments posted yet!